 Dungeon Crawl Stone Soup version 0.28.0-43-g3370ac3207 (webtiles) character file.

Game seed: 8402440186805266618

4308 zcamperz the Cleaver (level 10, -5/86 HPs)
             Began as a Minotaur Berserker on Feb 28, 2022.
             Was a Priest of Trog.
             Slain by a thrashing horror (7 damage)
             ... on level 1 of the Abyss.
             The game lasted 00:15:07 (8957 turns).

zcamperz the Cleaver (Minotaur Berserker)           Turns: 8957, Time: 00:15:10

Health: -5/86      AC: 14    Str: 28    XL:     10   Next: 11%
Magic:  9/9        EV: 10    Int:  4    God:    Trog [***...]
Gold:   461        SH:  7    Dex: 16    Spells: 9/9 levels left

rFire   . . .      SeeInvis .   A - +1 war axe (flame)
rCold   . . .      Faith    .   i - +1 buckler
rNeg    . . .      Spirit   .   o - +0 chain mail
rPois   .          Reflect  .   (helmet restricted)
rElec   .          Harm     .   l - +0 cloak
rCorr   .          Rampage  .   (no gloves)
Will    .....                   a - +0 pair of boots
Stlth   ..........              (no amulet)
HPRegen 0.24/turn               c - +6 ring of dexterity
MPRegen 0.11/turn               n - +4 ring of slaying

@: on berserk cooldown
A: horns 2, retaliatory headbutt, strong 1, subdued magic 1
a: Renounce Religion, Berserk, Trog's Hand


You were on level 1 of the Abyss.
You worshipped Trog.
Trog was most pleased with you.
You visited 1 branch of the dungeon, and saw 9 of its levels.
You visited the Abyss 1 time.
You also visited: Bailey.

You collected 461 gold pieces.

Inventory:

Hand Weapons
 A - a +1 war axe of flaming (weapon)
Missiles
 h - 7 boomerangs (quivered)
 k - 30 poisoned darts
Armour
 a - a +0 pair of boots (worn)
 i - a +1 buckler (worn)
 l - a +0 cloak (worn)
 o - a +0 chain mail (worn)
Jewellery
 c - a +6 ring of dexterity (left hand)
 n - a +4 ring of slaying (right hand)
 v - a ring of resist corrosion
Wands
 m - a wand of iceblast (7)
Scrolls
 b - a scroll of fear {unknown}
 e - 4 scrolls of identify
 p - 2 scrolls of teleportation
 u - 3 scrolls of magic mapping
Potions
 d - 2 potions of flight
 j - 5 potions of curing
 s - a potion of heal wounds


   Skills:
 + Level 7.5 Fighting
 + Level 11.0 Axes
 + Level 0.5 Throwing
 + Level 10.4 Armour
 + Level 4.0 Dodging
 + Level 1.7 Stealth
 + Level 5.6 Shields


You had 9 spell levels left.
You didn't know any spells.
Your spell library was empty.

Dungeon Overview and Level Annotations

Branches:
Dungeon (9/15)             Temple (0/1) D:5          Bailey (visited)
   Lair: D:8-11         Orc: D:9-12

Altars:
Ashenzari
Dithmenos
Fedhas
Gozag
Kikubaaqudgha
Qazlal
Trog
Vehumet
The Shining One

Annotations:
D:5 3 runed translucent doors, Kazon's ghost, novice DrBe
D:9 Erolcha


Innate Abilities, Weirdness & Mutations

You have a pair of horns on your head.
You reflexively headbutt those who attack you in melee.
Your muscles are strong. (Str +2)
Your spells are a little easier to cast, but a little less powerful.


Message History

The thrashing horror tramples you!
* * * LOW HITPOINT WARNING * * *
You stumble backwards!
The thrashing horror tramples you but does no damage. x2
You feel yourself speed up.
The thrashing horror tramples you but does no damage.
The thrashing horror tramples you.
* * * LOW HITPOINT WARNING * * *
You stumble backwards!
The thrashing horror tramples you.
* * * LOW HITPOINT WARNING * * *
You stumble backwards!
You feel the effects of Trog's Hand fading.
The thrashing horror roars!
You block the thrashing horror's attack. x2
You hit the thrashing horror but do no damage.
You headbutt the thrashing horror!!
The thrashing horror is heavily damaged.
The thrashing horror tramples you!
* * * LOW HITPOINT WARNING * * *
You stumble backwards!
A raiju comes into view.
The raiju barks!
The thrashing horror roars!
The thrashing horror tramples you but does no damage.
The thrashing horror closely misses you.
You block the thrashing horror's attack.
The thrashing horror tramples you but does no damage.
Your skin stops crawling.
You feel less strong-willed.
The thrashing horror roars!
The thrashing horror tramples you but does no damage. x2
The raiju bursts into living lightning!
The living lightning misses you.
The raiju blinks!
The thrashing horror roars!
You hear a bark!
The raiju bites you.
* * * LOW HITPOINT WARNING * * *
The raiju shocks you!
* * * LOW HITPOINT WARNING * * *
The thrashing horror tramples you but does no damage.
The thrashing horror tramples you!
You die...

...##.#..... .
#..#.#..# .
....#....## #
...........#.
#....#....#..###
.. ...#.......#.
#. #.#.........#
#.. #.....##.###.
#.####h@...#
.#.....X...##
.##.........#
#.........##
.#.........#
...............#
.# .........∩§...
#..............#.
....#§......#.###


You could see a thrashing horror and a raiju.

Vanquished Creatures
  The ghost of Heh the Skirmisher, a novice OpBr (D:6)
  Maggie (D:7)
  Eustachio (D:5)
  A steam dragon (D:8)
  An acid dragon (D:9)
  Edmund (D:6)
  3 water moccasins (D:6)
  8 orc warriors
  2 ice beasts (D:5)
  A black bear (D:7)
  A necrophage (D:5)
  A centaur (D:8)
  3 ogres
  A kobold brigand (D:6)
  A gnoll sergeant (D:7)
  2 scorpions
  A wyvern skeleton (D:6)
  A killer bee (D:8)
  3 howler monkeys (D:8)
  An electric eel (D:8)
  4 centaur zombies
  3 hounds
  3 orc priests
  2 bullfrog skeletons (D:6)
  2 jellies
  A gnoll shaman (D:5)
  2 scorpion zombies (D:5)
  5 orc wizards
  A killer bee zombie (D:8)
  A hound skeleton (D:5)
  A howler monkey zombie (D:5)
  10 gnolls
  6 adders
  A howler monkey skeleton (D:6)
  3 shadow imps
  A white imp (D:5)
  An ufetubus (D:4)
  An adder skeleton (D:4)
  A worm (D:2)
  3 dart slugs
  39 orcs
  3 ball pythons
  5 endoplasms
  3 giant cockroaches
  2 goblins
  8 hobgoblins
  5 jackals
  10 kobolds
  2 quokkas
  5 bats
  5 frilled lizards
  5 rats
179 creatures vanquished.

Notes
Turn   | Place    | Note
-------+----------+-------------------------------------------
     0 | D:1      | zcamperz the Minotaur Berserker began the quest for the
                  | Orb.
     0 | D:1      | Reached XP level 1. HP: 19/19 MP: 0/0
   117 | D:1      | HP: 1/20 [frozen (3)]
   120 | D:1      | Reached XP level 2. HP: 2/27 MP: 1/1
   488 | D:1      | Reached skill level 4 in Axes
  1039 | D:2      | Reached XP level 3. HP: 33/33 MP: 2/2
  1424 | D:2      | You fall into a shaft and drop 1 floor!
  1449 | D:3      | Found a glowing golden altar of the Shining One.
  1481 | D:2      | Found a faded altar of an unknown god.
  1717 | D:3      | Reached ** piety under Trog
  1724 | D:3      | Reached XP level 4. HP: 34/40 MP: 3/3
  2343 | D:3      | Noticed a scorpion
  2355 | D:3      | Killed a scorpion
  2356 | D:3      | Reached skill level 5 in Axes
  2356 | D:3      | Reached XP level 5. HP: 39/47 MP: 4/4
  2652 | D:4      | Found a broken altar of Ashenzari.
  2761 | D:4      | Gained mutation: Your spells are a little easier to cast,
                  | but a little less powerful. [potion of mutation]
  2761 | D:4      | Gained mutation: Your muscles are strong. (Str +2) [potion
                  | of mutation]
  2857 | D:4      | Noticed an orc warrior
  2867 | D:4      | Killed an orc warrior
  2868 | D:4      | Reached skill level 6 in Axes
  2868 | D:4      | Reached skill level 1 in Shields
  2868 | D:4      | Reached XP level 6. HP: 53/53 MP: 5/5
  3188 | D:4      | Found an ancient bone altar of Kikubaaqudgha.
  3421 | D:5      | Entered Level 5 of the Dungeon
  3477 | D:5      | Noticed an ice beast
  3482 | D:5      | Reached skill level 5 in Armour
  3487 | D:5      | Reached skill level 7 in Axes
  3489 | D:5      | Killed an ice beast
  3490 | D:5      | Reached XP level 7. HP: 60/60 MP: 6/6
  3504 | D:5      | Noticed Eustachio
  3505 | D:5      | Found a staircase to the Ecumenical Temple.
  3568 | D:5      | Killed Eustachio
  3569 | D:5      | Reached skill level 5 in Fighting
  3569 | D:5      | Reached skill level 8 in Axes
  4082 | D:5      | Reached XP level 8. HP: 68/68 MP: 7/7
  4208 | D:5      | Found a runed translucent gate.
  4208 | D:5      | Found a runed translucent gate.
  4208 | D:5      | Found an opulent altar of Gozag.
  4208 | D:5      | Found a runed translucent gate.
  4209 | D:5      | Noticed Kazon's ghost (novice DrBe)
  4540 | D:6      | Noticed Edmund
  4575 | D:6      | Killed Edmund
  4981 | D:6      | Reached skill level 9 in Axes
  5378 | D:6      | Found a runed translucent gate.
  5379 | D:6      | Found a runed translucent gate.
  5380 | D:6      | Found a runed translucent gate.
  5380 | D:6      | Noticed Heh's ghost (novice OpBr)
  5399 | D:6      | Killed Heh's ghost
  5400 | D:6      | Reached skill level 1 in Stealth
  5400 | D:6      | Reached XP level 9. HP: 75/75 MP: 8/8
  5771 | D:7      | Reached *** piety under Trog
  5957 | D:7      | Noticed Maggie
  5972 | D:7      | Killed Maggie
  6274 | D:7      | Reached skill level 10 in Axes
  6495 | D:7      | Found an opulent altar of Gozag.
  6736 | D:8      | Found a flagged portal.
  6852 | Bailey   | Entered a bailey
  6882 | Bailey   | Reached skill level 5 in Shields
  7260 | Bailey   | Reached skill level 10 in Armour
  8026 | D:8      | Found a large runed translucent door.
  8027 | D:8      | Found a large runed translucent door.
  8292 | D:8      | Found a blossoming altar of Fedhas.
  8350 | D:8      | Reached XP level 10. HP: 55/86 MP: 9/9
  8693 | D:8      | Found a bloodstained altar of Trog.
  8849 | D:8      | Found a radiant altar of Vehumet.
  8852 | D:8      | Reached skill level 11 in Axes
  8855 | D:8      | Found a stormy altar of Qazlal.
  8914 | D:9      | Noticed Erolcha
  8915 | D:9      | Found a shadowy altar of Dithmenos.
  8930 | D:9      | Cast into level 1 of the Abyss (Erolcha)
  8939 | Abyss:1  | Noticed a thrashing horror
  8957 | Abyss:1  | HP: 2/86 [raiju (8)]
  8957 | Abyss:1  | Slain by a thrashing horror

Illustrated notes

Levels and vault maps discovered:
D:1:      ebering_trefoil_3fold, layout_rooms
D:2:      layout_loops_ring, ebering_ecumenical_altar_abandoned,
          chequers_serial_rivers_small_b
D:3:      minmay_diamond_boxcup, layout_rooms, tso_metal_star,
          kennysheep_generic_room_11
D:4:      layout_basic, mainiacjoe_overflow_alcove_2, general_overflow_altar
D:5:      layout_cave_pools, minmay_temple_entry_offerings, ebering_ghost_gozag,
          uniq_eustachio
D:6:      layout_basic, ebering_ghost_rock_garden, kennysheep_generic_room_12,
          uniq_edmund
D:7:      layout_loops_corners, lemuel_crystal_altar, uniq_maggie
D:8:      layout_basic, mainiacjoe_overflow_concentric_impassable,
          lemuel_round_altar, jmf_multi_god_temple2, enter_bailey_8
D:9:      layout_stronghold, mainiacjoe_overflow_catwalk_spiral,
          lair_entry_dummy, chequers_serial_rivers_room_b, minmay_hedge_maze,
          uniq_erolcha
Abyss:1:  base:
D:2

Skill      XL: |  1  2  3  4  5  6  7  8  9 10 |
---------------+-------------------------------+-----
Armour         | 3 4 5 6 8 10 | 10.4
Axes           | 4 5 6 7 8 9 10 11 | 11.0
Fighting       | 4 5 6 7 |  7.5
Shields        | 1 3 4 5 |  5.6
Dodging        | 3 4 |  4.0
Stealth        | 1 |  1.7
Throwing       | |  0.5

Action                   |  1- 3 |  4- 6 |  7- 9 | 10-12 || total
-------------------------+-------+-------+-------+-------++-------
Melee: Hand axe          |    89 |    69 |   182 |       ||   340
       Headbutt          |    11 |    11 |    52 |     4 ||    78
       War axe           |       |       |    94 |    26 ||   120
Throw: Boomerang         |       |     2 |       |       ||     2
Invok: Berserk           |     2 |     2 |     7 |     2 ||    13
       Trog's Hand       |       |       |     8 |     1 ||     9
  Use: Scroll            |       |     8 |     4 |       ||    12
       Potion            |       |     5 |     8 |       ||    13
Armor: Animal skin       |     4 |       |       |       ||     4
       Chain mail        |    60 |    25 |   146 |    24 ||   255
Dodge: Dodged            |    56 |    30 |   134 |    12 ||   232
Block: Buckler           |    12 |    12 |    95 |    14 ||   133
